 Dungeon Crawl Stone Soup version 0.27-a0-951-gae3e1deef5 (webtiles) character file.

Game seed: 15305495511703906357

9251 polve the Agent of Entropy (level 11, 0/124 HPs)
             Began as a Demonspawn Abyssal Knight on Apr 11, 2021.
             Was a Priest of Lugonu.
             Slain by a gnoll
             ... wielding a +3 trident
              (5 damage)
             ... in a bailey.
             The game lasted 00:17:19 (14052 turns).

polve the Agent of Entropy (DsAK)                  Turns: 14052, Time: 00:17:19

Health: 0/124      AC: 33    Str: 16    XL:     11   Next: 20%
Magic:  18/20      EV:  2    Int: 14    God:    Lugonu [***...]
Gold:   668        SH:  4    Dex: 12    Spells: 10/10 levels left

rFire    . . .     SeeInvis .   J - +3 dagger (distort)
rCold    . . .     Faith    .   (no shield)
rNeg     + + +     Spirit   .   (armour currently unavailable)
rPois    +         Reflect  .   (helmet currently unavailable)
rElec    .         Harm     .   (cloak currently unavailable)
rCorr    +         Rampage  .   (gloves currently unavailable)
Will     .....     NoTele   +   (boots currently unavailable)
Stlth    ..........             (no amulet)
HPRegen  0.30/turn              l - ring of positive energy
MPRegen  0.17/turn              D - ring of resist corrosion

@: mighty, tree-form, silenced, on berserk cooldown, slowed, very slow
A: stationary, stasis, torment immunity, boosted hp, (horns 1), repulsion field
1, foul stench 2, icemail 2, condensation shield
a: Renounce Religion


You were in a bailey.
You worshipped Lugonu.
Lugonu was most pleased with you.
You were a tree.
You visited 1 branch of the dungeon, and saw 10 of its levels.
You visited the Abyss 1 time.
You also visited: Sewer and Bailey.

You collected 668 gold pieces.

Inventory:

Hand Weapons
 F - a +2 short sword of speed
 J - a +3 dagger of distortion (weapon)
Missiles
 a - 2 atropa-tipped darts
 z - 2 curare-tipped darts
 H - 8 throwing nets
Armour
 e - a +0 pair of gloves (melded)
 m - a +1 hat (melded)
 o - a +0 pair of boots (melded)
 y - a +0 plate armour (melded)
 K - a +0 cloak (melded)
Jewellery
 l - a ring of positive energy (left branch)
 D - a ring of resist corrosion (right branch)
Wands
 d - a wand of mindburst (11)
 k - a wand of flame (15)
 p - a wand of random effects (18)
 v - a wand of acid (6)
 G - a wand of paralysis (8)
Scrolls
 c - a scroll of fear {unknown}
 g - 3 scrolls of enchant armour {unknown}
 h - 5 scrolls of teleportation {unknown}
 i - 9 scrolls of identify {unknown}
 j - 3 scrolls of silence
 n - 3 scrolls of amnesia {unknown}
 r - a scroll of vulnerability {unknown}
 w - 3 scrolls of magic mapping {unknown}
 A - 2 scrolls of blinking {unknown}
 E - 5 scrolls of enchant weapon {unknown}
 I - a scroll of noise {unknown}
Potions
 f - 2 potions of curing
 u - 3 potions of haste {unknown}
 x - 2 potions of attraction
 B - a potion of magic {unknown}


   Skills:
 - Level 6.9 Fighting
 + Level 9.8 Short Blades
 - Level 6.0 Armour
 - Level 5.6 Dodging
 - Level 12.0 Invocations


You had 10 spell levels left.
You didn't know any spells.
Your spell library contained the following spells:

 Spells                   Type           Power      Damage    Failure   Level
 Animate Skeleton         Necr           0%         N/A       28%         1
 Apportation              Tloc           0%         N/A       28%         1
 Corona                   Hex            0%         N/A       28%         1
 Summon Small Mammal      Summ           0%         N/A       28%         1
 Poisonous Vapours        Pois/Air       0%         N/A       41%         2
 Conjure Flame            Conj/Fire      0%         6-21      65%         3
 Mephitic Cloud           Conj/Pois/Air  0%         N/A       65%         3
 Freezing Cloud           Conj/Ice/Air   0%         6-21      100%        6


Dungeon Overview and Level Annotations

Branches:
Dungeon (11/15)            Temple (0/1) D:4            Lair (0/6) D:9
  Sewer (visited)          Bailey (1/1)
    Orc: D:9-12

Altars:
Elyvilon
Kikubaaqudgha
Makhleb
Nemelex Xobeh
Okawaru
Ru
Sif Muna
Uskayaw
Vehumet
Wu Jian
Zin
The Shining One

Shops:
D:1 =   D:5 *


Innate Abilities, Weirdness & Mutations

You are a tree.
Your roots penetrate the ground, keeping you stationary.
You cannot be teleported.
You are immune to unholy pain and torment.
Your maximum health is greatly increased.
Your equipment is partially melded.
((You have a pair of small horns on your head.))
You are surrounded by a mild repulsion field. (EV +2)
You sometimes emit foul miasma when damaged in melee.
A meltable icy envelope protects you from harm. (AC +8)
A meltable shield of frost defends you. (SH +4)


Message History

The gnoll sergeant hits you from afar with a +0 glaive.
* * * LOW HITPOINT WARNING * * *
The gnoll hits you but does no damage.
The gnoll shaman hits you but does no damage.
The gnoll hits you but does no damage.
The gnoll sergeant hits you but does no damage.
You block the gnoll's attack. The gnoll hits you but does no damage.
The gnoll sergeant hits you from afar with a +0 glaive.
* * * LOW HITPOINT WARNING * * *
The gnoll shaman hits you but does no damage.
The gnoll hits you but does no damage.
You feel better. You block the gnoll's attack.
The gnoll shaman hits you from afar with a +0 spear.
* * * LOW HITPOINT WARNING * * *
The gnoll sergeant hits you but does no damage.
You block the gnoll's attack. The gnoll hits you but does no damage.
The gnoll sergeant hits you from afar with a +0 glaive!
* * * LOW HITPOINT WARNING * * *
The gnoll hits you but does no damage.
The gnoll shaman hits you but does no damage.
The gnoll sergeant hits you but does no damage.
The gnoll hits you but does no damage. x2
The gnoll sergeant hits you but does no damage.
It was a potion of flight.
Your roots keep you in place.
The gnoll hits you but does no damage.
The gnoll shaman hits you but does no damage.
The gnoll hits you from afar with a +0 halberd!
* * * LOW HITPOINT WARNING * * *
The gnoll hits you but does no damage.
The gnoll sergeant hits you but does no damage.
The gnoll shaman hits you from afar with a +0 spear.
* * * LOW HITPOINT WARNING * * *
The gnoll hits you but does no damage. You block the gnoll sergeant's attack.
The gnoll hits you but does no damage. x2
It was a potion of might.
You feel very mighty all of a sudden.
The gnoll shaman hits you but does no damage.
The gnoll hits you but does no damage.
The gnoll hits you from afar with a +3 trident.
You die... ♣♣♣♣♣♣♣ ♣♣♣ ♣♣≈≈≈≈≈≈ ≈≈ ♣♣≈≈...#### ####### ♣.≈..# #.8.. #...8.# ♣♣.≈..# #...gg#...... ♣♣..≈..# #gggggg.g...g

♣..g≈..# #.g.#####...g
♣...≈♣.# + ##...##.))
♣♣...≈.)######.....###'
#♣♣♣).)ggggg...#.......#g.
#∩.))(..gg.'...)..)8...'.)
#♣♣♣...)...'...#.......#..
♣♣...≈..######.....###)
♣♣..≈..# ##...##..)
♣..≈..# ...#####....
♣..≈..# ..........))


You could see 2 gnoll sergeants, 2 gnoll shamans and 4 gnolls.

Vanquished Creatures
  A centaur warrior (D:10)
  Pikel (D:5)
  Psyche (D:9)
  A troll (D:9)
  Sigmund (D:3)
  A shadow (D:10)
  Menkaure (D:5)
  3 water moccasins
  An orc warrior (D:9)
  A sky beast (D:7)
  3 necrophages
  2 ogres
  4 centaurs
  5 kobold brigands (Sewer)
  Blork the orc (D:5)
  5 gnoll sergeants
  2 bullfrogs
  A scorpion (D:5)
  A wyvern zombie (D:9)
  A water moccasin skeleton (D:5)
  A wight (D:10)
  5 centaur zombies
  A bullfrog zombie (D:5)
  4 hounds
  A bullfrog skeleton (D:6)
  A human zombie (D:10)
  4 gnoll shamans
  A jelly (D:6)
  An orc priest (D:9)
  4 iguanas
  2 scorpion zombies
  2 orc wizards (D:7)
  5 mummies (D:10)
  A howler monkey zombie (D:5)
  20 gnolls
  7 adders
  4 river rats (Sewer)
  A white imp (D:7)
  3 ufetubi
  3 worms (Sewer)
  3 dart slugs
  17 orcs
  9 ball pythons
  8 bats
  11 endoplasms
  4 giant cockroaches
  8 goblins
  6 hobgoblins
  10 jackals
  3 quokkas
  2 frilled lizards
  8 kobolds
  9 rats
206 creatures vanquished.

Vanquished Creatures (others)
  A centaur zombie (D:10)
  A fungus (D:3)
  3 plants (D:3)
5 creatures vanquished.

Grand Total: 211 creatures vanquished

Notes
Turn   | Place    | Note
-------+----------+-------------------------------------------
     0 | Abyss:1  | polve the Demonspawn Abyssal Knight began the quest for the
                  | Orb.
     0 | Abyss:1  | Reached XP level 1. HP: 18/18 MP: 2/2
   119 | Abyss:1  | Noticed a small abomination
   128 | Abyss:1  | Noticed a thrashing horror
   130 | D:1      | Escaped the Abyss
   428 | D:1      | Reached * piety under Lugonu
   429 | D:1      | Gained mutation: A meltable shield of frost defends you.
                  | (SH +4) [demonic ancestry]
   429 | D:1      | Reached XP level 2. HP: 9/24 MP: 3/3
   809 | D:1      | Found Plog's Jewellery Emporium.
  1273 | D:1      | Gained mutation: You may rarely emit foul miasma when
                  | damaged in melee. [demonic ancestry]
  1273 | D:1      | Reached XP level 3. HP: 29/29 MP: 4/4
  1485 | D:1      | Found a faded altar of an unknown god.
  2271 | D:2      | Reached ** piety under Lugonu
  2717 | D:3      | Gained mutation: You are surrounded by a mild repulsion
                  | field. (EV +2) [demonic ancestry]
  2717 | D:3      | Reached XP level 4. HP: 30/35 MP: 5/5
  2936 | D:3      | Found a shimmering blue altar of Sif Muna.
  3273 | D:3      | Noticed Sigmund
  3545 | D:3      | Found a sacrificial altar of Ru.
  3642 | D:3      | Killed Sigmund
  3643 | D:3      | Reached skill level 5 in Short Blades
  3643 | D:3      | Gained mutation: You sometimes emit foul miasma when
                  | damaged in melee. [demonic ancestry]
  3643 | D:3      | Reached XP level 5. HP: 24/41 MP: 6/6
  3882 | D:4      | Reached XP level 6. HP: 33/47 MP: 7/7
  4025 | D:4      | Found an iron altar of Okawaru.
  4406 | D:4      | Found a staircase to the Ecumenical Temple.
  4499 | D:4      | Reached skill level 1 in Dodging
  5146 | D:4      | Found a burning altar of Makhleb.
  5520 | D:5      | Entered Level 5 of the Dungeon
  5541 | D:5      | Found Pyepnib's General Store.
  5553 | D:5      | Noticed Menkaure
  5573 | D:5      | Killed Menkaure
  5822 | D:5      | Reached XP level 7. HP: 45/53 MP: 8/8
  6352 | D:5      | Found an ornate altar of the Wu Jian Council.
  6352 | D:5      | Found a radiant altar of Vehumet.
  6810 | D:5      | Gained mutation: A meltable icy envelope protects you from
                  | harm. (AC +8) [demonic ancestry]
  6810 | D:5      | Reached XP level 8. HP: 49/61 MP: 9/9
  6947 | D:5      | Reached skill level 5 in Fighting
  7129 | D:5      | Noticed Pikel
  7216 | D:5      | Killed Pikel
  7543 | D:5      | Noticed Blork the orc
  7554 | D:5      | Killed Blork the orc
  7555 | D:5      | Reached skill level 5 in Armour
  8013 | D:6      | Reached skill level 5 in Dodging
  8114 | D:6      | Found a glowing drain.
  8173 | Sewer    | Entered a sewer
  8463 | Sewer    | Reached *** piety under Lugonu
  8584 | Sewer    | Gained mutation: A meltable icy envelope protects you from
                  | harm. (AC +8) [demonic ancestry]
  8584 | Sewer    | Reached XP level 9. HP: 61/71 MP: 10/10
  9721 | D:6      | Found a hide-covered altar of Uskayaw.
  9940 | D:6      | Reached skill level 3 in Invocations
 10321 | D:7      | Reached skill level 4 in Invocations
 10402 | D:7      | Reached skill level 5 in Invocations
 10788 | D:7      | Reached skill level 6 in Invocations
 11286 | D:7      | You fall into a shaft and drop 3 floors!
 11286 | D:10     | Entered Level 10 of the Dungeon
 11359 | D:10     | Noticed a centaur warrior
 11359 | D:10     | Noticed a deep elf pyromancer
 11359 | D:10     | Noticed a manticore
 11360 | D:10     | Noticed a green ugly thing
 11363 | D:10     | Noticed a deep elf pyromancer
 11369 | D:10     | Noticed a red ugly thing
 11371 | D:10     | Noticed a white ugly thing
 11374 | D:10     | Noticed a cyan ugly thing
 11384 | D:10     | Killed a centaur warrior
 11385 | D:10     | Reached skill level 9 in Invocations
 11385 | D:10     | Reached **** piety under Lugonu
 11385 | D:10     | Banished a white ugly thing
 11386 | D:10     | Reached XP level 10. HP: 24/77 MP: 9/17
 11387 | D:10     | Banished a deep elf pyromancer
 11388 | D:10     | Reached skill level 10 in Invocations
 11880 | D:10     | Banished a green ugly thing
 11881 | D:10     | Reached skill level 11 in Invocations
 11882 | D:10     | Banished a manticore
 11887 | D:10     | Banished a white ugly thing
 11888 | D:10     | Reached skill level 12 in Invocations
 11988 | D:10     | Noticed a centaur warrior
 11989 | D:10     | Banished a centaur warrior
 12001 | D:10     | Banished a cyan ugly thing
 12001 | D:10     | Noticed a tengu warrior
 12290 | D:10     | Found an ancient bone altar of Kikubaaqudgha.
 12442 | D:10     | Gained mutation: You have a pair of small horns on your
                  | head. [demonic ancestry]
 12442 | D:10     | Reached XP level 11. HP: 68/82 MP: 20/20
 12539 | D:9      | Found a staircase to the Lair.
 12929 | D:9      | Found a sparkling altar of Nemelex Xobeh.
 13161 | D:9      | Noticed Psyche
 13176 | D:9      | Killed Psyche
 13265 | D:9      | Found a flagged portal.
 13273 | Bailey   | Entered a bailey
 14051 | Bailey   | HP: 6/124 [gnoll/+0 halberd (8)]
 14052 | Bailey   | Slain by a gnoll

Illustrated notes

Levels and vault maps discovered:
D:1:      erik_arrival_blinker_ship, layout_loops_ring,
          shapermc_ecumenical_altar_hornbeckon, serial_shops, shop
D:2:      layout_loops_ring, serial_bayou_crossing
D:3:      layout_basic, nicolae_sif_muna_condensation,
          nicolae_ru_the_path_less_chosen, minmay_misc_feat_x,
          kennysheep_generic_room_6, uniq_sigmund
D:4:      layout_layer_cave, nicolae_overflow_crystal_walls,
          kennysheep_mini_moat, minmay_temple_entry_antechambers
D:5:      layout_gridville, jmf_multi_god_temple, serial_shops,
          nicolae_shop_crystal, uniq_menkaure, uniq_pikel, uniq_blork_the_orc
D:6:      layout_basic, good_gods_mini_temple,
          nicolae_uskayaw_murder_on_the_dancefloor, gup_sewer_entry_glass,
          interstate_on_off
D:7:      layout_basic
D:9:      layout_loops_corners, nemelex_xobeh_ov_fountains_minmay,
          lair_entry_dummy, enter_bailey_2, uniq_psyche
D:10:     layout_loops_ring, lemuel_mausoleum_altar_kikubaaqudgha, minivault_28
D:11:     layout_layer_cave, hiddenorc1_lemuel, serial_shops,
          nicolae_shop_window_shopping
Bailey:   bailey_polearm_gnolls_kennysheep, bailey

Skill      XL: |  1  2  3  4  5  6  7  8  9 10 11 |
---------------+----------------------------------+-----
Short Blades   | 2 3 5 6 8 9 |  9.8
Armour         | 2 3 5 6 |  6.0
Dodging        | 2 3 5 |  5.6
Fighting       | 4 6 |  6.9
Invocations    | 9 12 | 12.0

Action                   |  1- 3 |  4- 6 |  7- 9 | 10-12 || total
-------------------------+-------+-------+-------+-------++-------
Melee: Short sword       |   187 |   172 |   813 |   396 ||  1568
       Headbutt          |       |       |       |    68 ||    68
       Dagger            |       |       |       |    65 ||    65
Invok: Depart the Abyss  |     1 |       |       |       ||     1
       Bend Space        |       |       |     3 |     5 ||     8
       Banish            |       |       |     1 |     8 ||     9
  Use: Potion            |       |     7 |     2 |     7 ||    16
       Scroll            |       |       |       |     1 ||     1
 Stab: Sleeping          |     2 |       |       |       ||     2
Armor: Leather armour    |    40 |       |       |       ||    40
       Ring mail         |    21 |    32 |       |       ||    53
       Chain mail        |       |     1 |    74 |       ||    75
       Plate armour      |       |       |   367 |   182 ||   549
       Skin              |       |       |       |    74 ||    74
Dodge: Dodged            |    88 |    86 |   230 |   111 ||   515
Block: Other             |    31 |    23 |   109 |    56 ||   219

Table legend: (Time is in decaauts)
 A = Elapsed time spent in this place.
 B = Non-inter-level travel time spent in this place.
 C = Inter-level travel time spent in this place.
 D = Time resting spent in this place.
 E = Time spent auto-exploring this place.
 F = Levels seen in this place.
 G = Mean time per level.
                   A        B        C        D        E       F      G
               +--------+--------+--------+--------+--------+-----+--------+
         Total |  13758 |  13363 |    395 |    720 |  10338 |  13 | 1058.3 |
       Dungeon |  11407 |  11012 |    395 |    577 |   8703 |  10 | 1140.7 |
         Abyss |    130 |    130 |      0 |      0 |    115 |   1 |  130.0 |
         Sewer |   1505 |   1505 |      0 |      0 |   1156 |   1 | 1505.0 |
        Bailey |    715 |    715 |      0 |    143 |    362 |   1 |  715.0 |
               +--------+--------+--------+--------+--------+-----+--------+

Top non-repeatable levels by time:
     D:5: 2071 daAuts
     D:4: 1955 daAuts
   Sewer: 1505 daAuts
     D:1: 1418 daAuts
     D:2: 1281 daAuts
     D:3: 988 daAuts
     D:7: 980 daAuts
     D:6: 917 daAuts
    D:10: 730 daAuts
  Bailey: 715 daAuts
     D:9: 653 daAuts
    D:11: 410 daAuts
 Abyss:1: 130 daAuts
